 Dungeon Sprint DCSS version 0.28.0-43-g3370ac3207 (webtiles) character file.

Game seed: 8986942690174478130

6 boopmooplesden the Slasher (level 1, -3/22 HPs)
             Began as a Minotaur Berserker on Mar 11, 2022.
             Was a Follower of Trog.
             Slain by a worm (8 damage)
             ... in the Dungeon (Sprint II: "The Violet Keep of Menkaure").
             The game lasted 00:00:09 (202 turns).

boopmooplesden the Slasher (Minotaur Berserker)      Turns: 202, Time: 00:00:10

Health: -3/22      AC:  2    Str: 21    XL:     1   Next: 75%
Magic:  0/0        EV: 12    Int:  4    God:    Trog [*.....]
Gold:   243        SH:  0    Dex:  9    Spells: 0/0 levels left

rFire   . . .      SeeInvis .   a - +0 falchion
rCold   . . .      Faith    .   (no shield)
rNeg    . . .      Spirit   .   b - +0 animal skin
rPois   .          Reflect  .   (helmet restricted)
rElec   .          Harm     .   (no cloak)
rCorr   .          Rampage  .   (no gloves)
Will    .....      NoTele   +   (no boots)
Stlth   +.........              (no amulet)
HPRegen 0.07/turn               (no ring)
MPRegen 0.07/turn               (no ring)

@: no status effects
A: horns 2, retaliatory headbutt
a: Renounce Religion, Berserk


You were in the Dungeon.
You worshipped Trog.
Trog was aware of your devotion.
You visited 1 branch You collected 243 gold pieces.

Inventory:

Hand Weapons
 a - a +0 falchion (weapon)
Armour
 b - a +0 animal skin (worn)
Scrolls
 h - a scroll of blinking
Potions
 c - a potion of curing
 d - a potion of heal wounds
 e - a potion of haste
 f - 2 potions of magic
 g - a potion of berserk rage


   Skills:
 + Level 4.5 Fighting
 + Level 4.6 Long Blades
 + Level 2.8 Armour
 + Level 2.5 Dodging


You couldn't memorise any spells.
You didn't know any spells.
Your spell library was empty.

Dungeon Overview and Level Annotations

Branches:
Dungeon (1/1)

Altars:

Annotations:
D exclusion: ice statue


Innate Abilities, Weirdness & Mutations

You have a pair of horns on your head.
You reflexively headbutt those who attack you in melee.


Message History

The worm is almost dead.
The worm misses you.
You hit the worm.
You kill the worm!
Trog accepts your kill.
Your Fighting skill increases to level 4!
Your Long Blades skill increases to level 4!
You slash the worm!
The worm is almost dead.
The worm barely misses you.
You slash the worm!
You kill the worm!
Trog accepts your kill.
You now have 243 gold pieces.
You see here a worm corpse.
You start resting.
You feel a strong urge to attack something.
You are no longer berserk.
You are exhausted.
You feel yourself slow down.
You start resting.
You feel yourself speed up.
You start resting.
You recover from your berserk rage.
You start resting.
HP restored.
You start waiting.
You open the door.
Marking area around an ice statue as unsafe for travelling.
A worm comes into view.
You are engulfed in freezing vapours.
Ouch! That really hurt!
* * * LOW HITPOINT WARNING * * *
There is an open door here.
The helpless worm fails to defend itself.
You hit the worm. You headbutt the worm!
The worm is severely wounded.
The ice statue glitters chillingly in the dim dungeon light.
The worm bites you!
You die...

.......##
....○☼○##
.○8.°○○○#
.○°.○°#
..°°°#
#≈≈#+++#○°'##
≈≈≈.....○°..#
##°## #@#.##
#w##..#
###††## #'##
##.## +.<.+
##.## #+#


You could see an ice statue and a worm.

Vanquished Creatures
  2 worms (D)
2 creatures vanquished.

Vanquished Creatures (others)
  A water moccasin (D)
1 creature vanquished.

Grand Total: 3 creatures vanquished

Notes
Turn   | Place    | Note
-------+----------+-------------------------------------------
     0 | D        | boopmooplesden the Minotaur Berserker began the quest for
                  | the Orb.
     0 | D        | Reached XP level 1. HP: 19/19 MP: 0/0
    56 | D        | Killed a water moccasin
   199 | D        | Noticed an ice statue
   202 | D        | Slain by a worm

Illustrated notes

Levels and vault maps discovered:
D:        the_violet_keep_of_menkaure [sprint2_stairs_cluster_1,
          sprint2_shoproom, sprint2_temple, sprint2_basic_supplies,
          sprint2_obstacle_6, sprint2_obstacle_1, sprint2_obstacle_2,
          sprint2_obstacle_7, sprint2_obstacle_5, sprint2_timed_cluster_1,
          sprint2_smallroom_cluster_1, sprint2_smallroom_final_cluster_1,
          sprint2_transparent_cluster_1, sprint2_second_timed_cluster_1,
          sprint2_sniper_area_1, sprint2_heavy_combat_area_1,
          sprint2_mutation_trap_area_1, sprint2_forest_area_1,
          sprint2_light_combat_area_1, sprint2_behind_water_1,
          sprint2_near_end_vault_1]

Skill      XL: |  1 |
---------------+----+-----
Fighting       | 4 |  4.5
Long Blades    | 4 |  4.6
Armour         | |  2.8
Dodging        | |  2.5

Action                   || total
-------------------------++-------
Melee: Falchion          ||     8
       Headbutt          ||     2
Invok: Berserk           ||     1
 Stab: Sleeping          ||     1
Dodge: Dodged            ||     5
